 Dungeon Crawl Stone Soup version 0.16.0-11-gd45b091 (webtiles) character file.

435 Chiseanne the Insei (level 7, -1/37 HPs)
             Began as a Vine Stalker Monk on Mar 17, 2015.
             Succumbed to Chiseanne's ghost's poison
             ... on level 4 of the Dungeon.
             The game lasted 00:09:55 (2273 turns).

Chiseanne the Insei (Vine Stalker Monk)             Turns: 2273, Time: 00:09:55

Health: -1/37      AC:  7    Str: 19    XL:     7   Next: 0%
Magic:  8/9        EV: 14    Int: 10    God:
Gold:   158        SH:  0    Dex: 18    Spells: 0 memorised, 6 levels left

rFire  . . .     SeeInvis .       - Unarmed
rCold  . . .     Clarity  .     h - +0 scale mail
rNeg   . . .     SustAb   .     (no shield)
rPois  .         Gourm    .     g - +0 helmet
rElec  .         Spirit   +     (no cloak)
rCorr  .         Warding  .     (no gloves)
rMut   +         Stasis   .     (no boots)
MR     .....                    o - amulet of resist mutation
Stlth  +.........               (no ring)
                                a - +2 ring of evasion

@: mighty, lethally poisoned (-1 -> -9), not resistant to hostile enchantments,
very unstealthy
A: fangs 2, regeneration 2, magic shield, antimagic bite, no device heal 3, rot
immunity
a: no special abilities


You were on level 4 of the Dungeon.
You were hungry.

You visited 1 branch of the dungeon, and saw 3 of its levels.

You collected 158 gold pieces.

Inventory:

Hand weapons
 e - a +1 hand crossbow of flaming
 w - a +3 blowgun
Missiles
 i - 32 poisoned needles
 p - 7 tomahawks (quivered)
 q - 50 bolts
Armour
 g - a +0 helmet (worn)
 h - a +0 scale mail (worn)
Jewellery
 a - a +2 ring of evasion (left hand)
 o - an amulet of resist mutation (around neck)
Scrolls
 n - 2 scrolls of remove curse
Comestibles
 b - 2 bread rations
 j - 3 fruits


   Skills:
 * Level 3.9 Fighting
 * Level 2.4 Armour
 * Level 3.9 Dodging
 - Level 2.4 Stealth
 * Level 5.5 Unarmed Combat


You had 6 spell levels left.
You didn't know any spells.

Dungeon Overview and Level Annotations

Branches:
Dungeon (4/15)
 Temple: D:4-7

Altars:
Elyvilon
Sif Muna

Shops:
D:4 }


Innate Abilities, Weirdness & Mutations

You have extremely sharp teeth.
You heal very quickly.
When hurt, damage is shared between your health and your magic reserves.
Your bite disrupts and absorbs the magic of your enemies.
Potions and wands cannot restore your health.
You are immune to rotting.


Message History

Your surroundings suddenly seem different.
* * * LOW HITPOINT WARNING * * *
You feel sick.
There is a deep blue altar of Sif Muna here.
Read which item? (? for menu, Esc to quit)
You don't have any such object.
Read which item? (? for menu, Esc to quit)
Huh?
Read which item? (? for menu, Esc to quit)
Okay, then.
Unknown command.
Read which item? (? for menu, Esc to quit)
Okay, then.
Put on which piece of jewellery? (? for menu, Esc to quit)
a - a +2 ring of evasion (left hand)
* * * LOW HITPOINT WARNING * * *
You feel sick.
* * * LOW HITPOINT WARNING * * *
You feel sick.
You die...

####################
#...................
#..#...#...#...#...#
#_.@................
#..#...#...#...#...#
#...................
####################
#.# ... ## #.# #.#
#####. #.# #.#
#.....
#.###.####.####
#.##...........


There were no monsters in sight!

Vanquished Creatures
  The ghost of Chiseanne the Magician, an average DEWr of Okawaru (D:4)
  A giant frog skeleton (D:4)
  An orc priest (D:4)
  3 orc wizards (D:4)
  6 adders
  A giant mite (D:4)
  A worm (D:4)
  An ooze (D:2)
  11 orcs (D:4)
  4 giant cockroaches
  4 goblins
  5 hobgoblins
  8 jackals
  11 kobolds
  3 quokkas (D:4)
  A ball python (D:2)
  4 bats
  5 giant newts
  11 rats
82 creatures vanquished.

Notes
Turn   | Place    | Note
--------------------------------------------------------------
     0 | D:1      | Chiseanne, the Vine Stalker Monk, began the quest for the Orb.
     0 | D:1      | Reached XP level 1. HP: 11/11 MP: 1/1
   424 | D:1      | Reached XP level 2. HP: 13/16 MP: 3/3
  1094 | D:1      | Reached XP level 3. HP: 19/19 MP: 4/4
  1420 | D:2      | Reached skill level 1 in Armour
  1420 | D:2      | Reached XP level 4. HP: 24/24 MP: 5/5
  1519 | D:2      | You fall through a shaft for 2 floors!
  1560 | D:4      | Found a white marble altar of Elyvilon.
  1580 | D:4      | Reached XP level 5. HP: 28/28 MP: 7/7
  1679 | D:4      | Reached skill level 5 in Unarmed Combat
  1769 | D:4      | Found Copaq's Gadget Boutique.
  1969 | D:4      | Gained mutation: You heal very quickly. [vine stalker growth]
  1969 | D:4      | Reached XP level 6. HP: 32/32 MP: 8/8
  2114 | D:4      | Found a deep blue altar of Sif Muna.
  2251 | D:4      | Noticed Chiseanne's ghost (average DEWr)
  2262 | D:4      | Killed Chiseanne's ghost
  2262 | D:4      | Reached XP level 7. HP: 20/37 MP: 7/9
  2272 | D:4      | HP: 1/37 [poisoned by Chiseanne's ghost]
  2273 | D:4      | Succumbed to Chiseanne's ghost's poison

Action                   |  1- 3 |  4- 6 |  7- 9 || total
-------------------------+-------+-------+-------++-------
Melee: Unarmed           |   143 |   101 |       ||   244
 Fire: Blowgun           |       |    15 |       ||    15
       Hand crossbow     |       |     3 |       ||     3
  Use: Scroll            |       |     8 |     1 ||     9
       Potion            |       |     1 |     1 ||     2
 Stab: Sleeping          |     3 |       |       ||     3
       Distracted        |     1 |       |       ||     1
  Eat: Chunk             |     1 |     3 |       ||     4
